 Dungeon Crawl Stone Soup version 0.23-a0-359-g9beedce (webtiles) character file.

854 Garbasso the Ruffian (level 7, -2/68 HPs)
             Began as a Troll Hunter on Oct 23, 2018.
             Was an Initiate of Elyvilon.
             Killed by divine providence
             ... invoked by an orc priest
              (11 damage)
             ... on level 5 of the Dungeon.
             The game lasted 00:15:28 (3921 turns).

Garbasso the Ruffian (Troll Hunter)                 Turns: 3921, Time: 00:15:28

Health: -2/68      AC:  8    Str: 21    XL:     7   Next: 70%
Magic:  15/15      EV: 11    Int:  7    God:    Elyvilon [......]
Gold:   165        SH:  0    Dex: 12    Spells: 6/6 levels left

rFire    + . .     SeeInvis .     - Unarmed
rCold    . . .     Gourm    +   (no shield)
rNeg     . . .     Faith    .   b - +0 robe
rPois    .         Spirit   .   (helmet restricted)
rElec    .         Reflect  .   e - +2 cloak
rCorr    .         Harm     .   (gloves unavailable)
MR       .....                  (boots unavailable)
Stlth    +.........             (no amulet)
HPRegen  0.61/turn              k - ring of magical power
MPRegen  0.14/turn              x - ring of protection from fire

@: no status effects
A: large, unfitting armour, claws 3, fast metabolism 3, gourmand, regeneration
1, shaggy fur 1, tough skin 2
a: Renounce Religion


You were on level 5 of the Dungeon.
You worshipped Elyvilon.
Elyvilon was noncommittal.
You were very full.

You visited 1 branch of the dungeon, and saw 5 of its levels.
You also visited: Sewer.

You collected 165 gold pieces.

Inventory:

Missiles
 a - 143 stones (quivered)
 d - 2 throwing nets {=f}
Armour
 b - a +0 robe (worn)
 e - a +2 cloak (worn)
Jewellery
 k - a ring of magical power (left claw)
 x - a ring of protection from fire (right claw)
Wands
 y - a wand of polymorph (15)
Scrolls
 g - 7 scrolls of identify {unknown}
 h - 4 scrolls of amnesia {unknown}
 i - 2 scrolls of remove curse {unknown}
 j - 4 scrolls of immolation {unknown}
 o - a scroll of blinking {unknown}
 t - a scroll of fear {unknown}
 u - a scroll of enchant armour {unknown}
 w - a scroll of fog {unknown}
Potions
 l - a potion of haste {unknown}
 m - 2 potions of brilliance {unknown}
 n - a potion of ambrosia {unknown}
 p - 4 potions of heal wounds
 q - a potion of curing
 r - 2 potions of agility {unknown}
 s - a potion of flight {unknown}
Comestibles
 f - 5 rations


   Skills:
 + Level 3.9 Fighting
 - Level 3.6 Throwing
 + Level 3.8 Dodging
 - Level 0.3 Stealth
 * Level 6.0 Unarmed Combat


You had 6 spell levels left.
You didn't know any spells.
Your spell library was empty.

Dungeon Overview and Level Annotations

Branches:
Dungeon (5/15)
 Temple: D:4-7

Altars:
Ashenzari
Elyvilon
Fedhas
Gozag
Kikubaaqudgha
Vehumet
Zin


Innate Abilities, Weirdness & Mutations

You are too large for most types of armour.
You have claws for hands.
Your metabolism is lightning-fast.
You like to eat raw meat.
Your natural rate of healing is unusually fast.
You are covered in fur. (AC +1)
You have very tough skin. (AC +2)


Message History

The orc priest calls upon Beogh to heal the orc warrior.
The orc warrior's wounds heal themselves!
The orc warrior hits you with a +0 battleaxe.
Throwing (i - inventory. (/) - cycle)
c - a large rock (quivered)
{=f}
Press: ? - help, Shift-Dir - straight line, f/p - orc warrior
Aim: an orc warrior, wielding a +0 battleaxe and wearing a +0 chain mail You throw a large rock {=f}.
The large rock {=f} hits the orc warrior!
The orc warrior is heavily wounded.
The orc warrior hits you with a +0 battleaxe!
The orc warrior hits you with a +0 battleaxe!!
* * * LOW HITPOINT WARNING * * *
The orc priest looks braver for a moment.
It was a potion of heal wounds.
You feel much better.
There is a stone staircase leading up here.
The orc warrior hits you with a +0 battleaxe!!
* * * LOW HITPOINT WARNING * * *
The orc priest invokes the aid of Beogh against you.
Beogh smites you!
You die...

#.# #.# #.# #.#
# #.# .# #####.#
o.. #.....# ....
#.##.## .....
#.#.@o####......
#.....oo('.(.((.
#.#...####......
#.##.## ..... #
### ?..? ... +#


You could see an orc warrior, an orc priest and an orc.

Vanquished Creatures
  Grinder (D:4)
  A phantom (D:4)
  2 big kobolds (Sewer)
  A scorpion (D:4)
  3 orc wizards
  2 worker ants (D:4)
  A howler monkey skeleton (D:4)
  4 adders
  4 gnolls (D:3)
  6 river rats
  An ooze (D:2)
  3 worms
  3 leopard geckos
  6 orcs
  11 bats
  5 giant cockroaches
  5 goblins
  6 hobgoblins
  3 jackals (D:1)
  17 kobolds
  3 ball pythons (Sewer)
  4 frilled lizards
  23 rats
115 creatures vanquished.

Notes
Turn   | Place    | Note
-------+----------+-------------------------------------------
     0 | D:1      | Garbasso the Troll Hunter began the quest for the Orb.
     0 | D:1      | Reached XP level 1. HP: 19/19 MP: 0/0
   207 | D:1      | Reached skill level 1 in Unarmed Combat
   209 | D:1      | Reached XP level 2. HP: 28/28 MP: 1/1
   582 | D:1      | Reached XP level 3. HP: 34/35 MP: 2/2
   950 | D:2      | Reached skill level 2 in Unarmed Combat
  1179 | D:2      | Reached XP level 4. HP: 39/42 MP: 3/3
  1801 | D:3      | Reached skill level 3 in Unarmed Combat
  1809 | D:3      | Reached XP level 5. HP: 36/50 MP: 4/4
  1834 | D:3      | Found a shattered altar of Ashenzari.
  1836 | D:3      | Found a blossoming altar of Fedhas.
  1838 | D:3      | Found an opulent altar of Gozag.
  2022 | D:3      | Found a glowing drain.
  2026 | Sewer    | Entered a sewer
  2168 | Sewer    | Reached skill level 4 in Unarmed Combat
  2168 | Sewer    | Reached XP level 6. HP: 46/61 MP: 5/5
  2477 | D:3      | Found a radiant altar of Vehumet.
  3260 | D:4      | Noticed Grinder
  3276 | D:4      | Paralysed by Grinder for 7 turns
  3287 | D:4      | Paralysed by Grinder for 4 turns
  3307 | D:4      | Killed Grinder
  3307 | D:4      | Reached skill level 5 in Unarmed Combat
  3307 | D:4      | Reached XP level 7. HP: 23/67 MP: 6/6
  3666 | D:4      | Found an ancient bone altar of Kikubaaqudgha.
  3666 | D:4      | Found a glowing silver altar of Zin.
  3720 | D:4      | Found a white marble altar of Elyvilon.
  3734 | D:4      | Reached skill level 6 in Unarmed Combat
  3740 | D:4      | Became a worshipper of Elyvilon the Healer
  3894 | D:5      | Entered Level 5 of the Dungeon
  3916 | D:5      | HP: 2/68 [orc warrior/+0 battleaxe (19)]
  3921 | D:5      | Killed from afar by an orc priest

Vault maps used:
D:1:      psy_arrival_radial01
D:2:      chequers_serial_rivers_small_3
D:3:      grunt_temple_overflow_diamond, overflow_temple_1_default,
          gup_sewer_entry_bowl, serial_co_window_serial, co_window_paths_a,
          co_window_paths_a, co_window_paths_b, co_window_of_opportunity_a,
          co_window_of_opportunity_a, co_window_broadway_a,
          co_window_unsneaky_path_d, co_window_corner_cb,
          co_window_unsneaky_path_a, co_window_unsneaky_path_c,
          co_window_2corner, co_window_4corner_b, glass_columns_a,
          glass_columns_a, glass_columns_b
D:4:      elyvilon_altar_5, gammafunk_temple_overflow_statue,
          dk_rats_in_the_wall, uniq_grinder
D:5:      wad_river_or_something, overflow_temple_1_default, first_ration,
          hangedman_decor_growths
Sewer:    kennysheep_pipe_town

Skill      XL: |  1  2  3  4  5  6  7 |
---------------+----------------------+-----
Unarmed Combat | 1 2 3 4 5 6 |  6.0
Fighting       | 2 3 |  3.9
Dodging        | 2 3 |  3.8
Throwing       | |  3.6
Stealth        | |  0.3

Action                   |  1- 3 |  4- 6 |  7- 9 || total
-------------------------+-------+-------+-------++-------
Melee: Unarmed           |   143 |   114 |    74 ||   331
       Punch             |     1 |     3 |     4 ||     8
Throw: Stone             |    52 |    56 |    14 ||   122
       Large rock        |       |     5 |     8 ||    13
  Use: Potion            |       |     1 |     1 ||     2
  Eat: Chunk             |    16 |    20 |     5 ||    41
Armor: Robe              |   114 |    57 |    16 ||   187
Dodge: Dodged            |   110 |    84 |    31 ||   225

Table legend:
 A = Non-vault XP
 B = Vault XP
 C = Vault XP percentage of total XP
 D = Non-vault monster count
 E = Vault monster count
 F = Vault count percentage of total count
                 A         B        C        D         E       F
            +---------+---------+-------+---------+---------+-------
      Total |     605 |     615 |  50.4 |      66 |      49 |  42.6
            +---------+---------+-------+---------+---------+-------
        D:1 |      46 |       0 |   0.0 |      29 |       0 |   0.0
        D:2 |      53 |       0 |   0.0 |      11 |       0 |   0.0
        D:3 |     124 |      21 |  14.5 |      13 |       3 |  18.8
        D:4 |     382 |     368 |  49.1 |      13 |      22 |  62.9
      Sewer |       0 |     226 | 100.0 |       0 |      24 | 100.0
            +---------+---------+-------+---------+---------+-------
